 Dungeon Crawl Stone Soup version 0.19.4 (webtiles) character file.

81 Naow the Firebug (level 4, -2/24 HPs)
             Began as a Deep Elf Fire Elementalist on Feb 2, 2017.
             Slain by an orc
             ... wielding a +0 war axe
              (6 damage)
             ... on level 2 of the Dungeon.
             The game lasted 00:02:55 (1847 turns).

Naow the Firebug (Deep Elf Fire Elementalist)       Turns: 1847, Time: 00:02:56

Health: -2/24      AC:  2    Str:  5    XL:     4   Next: 20%
Magic:  10/12      EV: 10    Int: 21    God:
Gold:   89         SH:  0    Dex: 15    Spells: 4 memorised, 1 level left

rFire  . . .     SeeInvis .     (no weapon)
rCold  . . .     Gourm    .     a - +0 robe
rNeg   . . .     Faith    .     (no shield)
rPois  .         Spirit   .     (no helmet)
rElec  .         Reflect  .     (no cloak)
rCorr  .         Harm     .     (no gloves)
MR     .....                    (no boots)
Stlth  ++........               (no amulet)
                                (no ring)
                                (no ring)

@: hasted, constricted, very quick
A: no striking features
a: no special abilities


You were on level 2 of the Dungeon.
You were not hungry.

You visited 1 branch of the dungeon, and saw 3 of its levels.

You collected 89 gold pieces.

Inventory:

Armour
 a - a +0 robe (worn)
 o - a +0 robe of resistance
Jewellery
 p - an uncursed amulet of faith
Scrolls
 d - 2 scrolls of enchant armour {unknown}
 e - a scroll of fog {unknown}
 f - 4 scrolls of blinking {unknown}
 g - 2 scrolls of identify {unknown}
 k - 2 scrolls of random uselessness {unknown}
 l - 4 scrolls of noise {unknown}
 m - 5 scrolls of remove curse {unknown}
 q - a scroll of teleportation {unknown}
Potions
 i - a potion of curing
 n - a potion of cure mutation {unknown}
Books
 b - a book of Flames

   Spells                             Type                      Level
   a - Flame Tongue                   Conjuration/Fire             1
   b - Throw Flame                    Conjuration/Fire             2
   c - Conjure Flame                  Conjuration/Fire             3
   d - Inner Flame                    Hexes/Fire                   3
   e - Sticky Flame                   Conjuration/Fire             4
   f - Fireball                       Conjuration/Fire             5
Comestibles
 c - a bread ration


   Skills:
 - Level 2.4 Dodging
 - Level 2.4 Stealth
 + Level 4.2 Spellcasting
 + Level 2.6 Conjurations
 + Level 4.2 Fire Magic


You had one spell level left.
You knew the following spells:

 Your Spells              Type           Power        Failure   Level  Hunger
a - Flame Tongue          Conj/Fire      ###..        2%          1    None
b - Throw Flame           Conj/Fire      ###...       4%          2    #......
c - Conjure Flame         Conj/Fire      ###.....     10%         3    ###....
d - Sticky Flame          Conj/Fire      ###.....     28%         4    ####...


Dungeon Overview and Level Annotations

Branches:
Dungeon (3/15)

Altars:


Message History

Aim: an adder The flame tongue hits the adder.
The adder is heavily wounded.
The adder barely misses you. The orc misses you. The ball python bites you.
The ball python barely misses you. The adder barely misses you.
The orc hits you with a war axe!
Ouch! That really hurt!
* * * LOW HITPOINT WARNING * * *
You climb upwards.
There is a stone staircase leading down here.
Okay, then.
It was a potion of curing.
You feel better. The ball python barely misses you. The ball python grabs you.
The ball python constricts you. The adder bites you.
* * * LOW HITPOINT WARNING * * *
The ball python barely misses you.
* * * LOW HITPOINT WARNING * * *
The ball python constricts you. The adder barely misses you.
It was a potion of haste.
You feel yourself speed up. The orc hits you with a war axe.
You die...

##.######## #.#
#.# #.# ##.#####
#......# .......#
.......###########
.......#.......S@#
.......#.......So#
#................#
#......#.........#
########.........#
#.........#
#.........#
###########


You could see an adder, an orc and a ball python.

Vanquished Creatures
  Jessica (D:2)
  An adder (D:2)
  A leopard gecko (D:2)
  5 orcs (D:3)
  3 bats
  2 giant cockroaches (D:2)
  7 goblins
  2 hobgoblins (D:2)
  4 jackals (D:2)
  4 frilled lizards
  4 kobolds
  4 rats
38 creatures vanquished.

Notes
Turn   | Place    | Note
-------+----------+-------------------------------------------
     0 | D:1      | Naow the Deep Elf Fire Elementalist began the quest for the Orb.
     0 | D:1      | Reached XP level 1. HP: 10/10 MP: 6/6
   433 | D:1      | Reached XP level 2. HP: 15/15 MP: 4/8
   899 | D:1      | Learned a level 2 spell: Throw Flame
  1226 | D:2      | Reached XP level 3. HP: 19/19 MP: 3/10
  1371 | D:2      | Noticed Jessica
  1375 | D:2      | Killed Jessica
  1422 | D:2      | Reached XP level 4. HP: 13/24 MP: 1/12
  1427 | D:2      | Learned a level 3 spell: Conjure Flame
  1432 | D:2      | Learned a level 4 spell: Sticky Flame
  1844 | D:3      | HP: 1/24 [orc/war axe (12)]
  1847 | D:2      | Slain by an orc

Skill      XL: |  1  2  3 |
---------------+----------+-----
Conjurations   | 2 |  2.6
Spellcasting   | 4 |  4.2
Fire Magic     | 4 |  4.2
Dodging        | |  2.4
Stealth        | |  2.4

Action                   |  1- 3 |  4- 6 || total
-------------------------+-------+-------++-------
Melee: Unarmed           |     7 |       ||     7
 Cast: Flame Tongue      |    46 |    14 ||    60
       Throw Flame       |     4 |     2 ||     6
       Conjure Flame     |       |     1 ||     1
  Use: Potion            |       |     2 ||     2
  Eat: Chunk             |     1 |     2 ||     3
Armor: Robe              |     7 |       ||     7
Dodge: Dodged            |    22 |    11 ||    33
